 Dungeon Crawl Stone Soup version 0.21.1-72-gffa868e (webtiles) character file.

370378 Madoushi the Executioner (level 21, -18/204 HPs)
             Began as a Minotaur Berserker on Aug 3, 2018.
             Was the Champion of Trog.
             Demolished by a death yak (31 damage)
             ... summoned by a spriggan berserker
             ... on level 4 of the Depths on Aug 4, 2018.
             The game lasted 04:56:14 (61700 turns).

Madoushi the Executioner (Minotaur Berserker)      Turns: 61700, Time: 04:56:15

Health: -18/204    AC: 43    Str: 46    XL:     21   Next: 68%
Magic:  21/21      EV: 15    Int:  6    God:    Trog [******]
Gold:   1935       SH:  0    Dex: 17    Spells: 20/20 levels left

rFire    + . .     SeeInvis .   n - +8 broad axe (flame)
rCold    + . .     Gourm    .   E - +10 large shield of Ignorance {rN+ Int-4}
rNeg     + . .     Faith    .   d - +10 plate armour {rF+}
rPois    .         Spirit   .   u - +2 hat
rElec    .         Reflect  +   y - +2 cloak {+Inv}
rCorr    .         Harm     .   T - +0 pair of gloves {archery}
MR       +....                  Z - +1 pair of boots "Ocebu" {Str+5 Int-3 Dex+2}
Stlth    ..........             a - amulet of Yrisaxka {Reflect Int+6 SH+2}
HPRegen  0.44/turn              f - ring of Eralesk {rC+ AC+4 Str+10 Dex+4 Stlth-}
MPRegen  0.17/turn              J - ring of Lex Ydom {+Blink Str+3 Slay+2 Stlth+}

@: confused, glowing, studying Armour, silenced
A: retaliatory headbutt, horns 2
}: 2/15 runes: barnacled, gossamer
a: Renounce Religion, Evoke Blink, Evoke Invisibility


You were on level 4 of the Depths.
You worshipped Trog.
Trog was exalted by your worship.
You were not hungry.

You visited 8 branches of the dungeon, and saw 39 of its levels.
You visited 1 bazaar.

You collected 4179 gold pieces.
You spent 2244 gold pieces at shops.

Inventory:

Hand Weapons
 m - the +7 war axe of Summertime {pain, Str+2 SInv}
   (You found it on level 4 of the Spider Nest)

   In the hands of one skilled in necromantic magic, it inflicts extra damage on
   living creatures.
   It affects your strength (+2).
   It lets you see invisible.
 n - a +8 broad axe of flaming (weapon)
 Q - the +7 battleaxe "Monihont" {venom, +Blink}
   (Trog gifted it to you on level 6 of the Lair of Beasts)

   It poisons the flesh of those it strikes.
   It lets you blink.
 V - a +2 executioner's axe of holy wrath
Armour
 d - a +10 plate armour of fire resistance (worn)
 u - a +2 hat (worn)
 y - a +2 cloak of invisibility (worn)
 C - a +5 plate armour of cold resistance
 D - the +0 plate armour "Wuvih" {rF+++ Str+6 Dex-5}
   (You found it on level 4 of the Depths)

   It affects your strength (+6).
   It affects your dexterity (-5).
   It renders you almost immune to fire.
 E - the +10 large shield of Ignorance (worn) {rN+ Int-4}
   (You found it on level 2 of the Orcish Mines)

   It affects your intelligence (-4).
   It protects you from negative energy.
 T - a +0 pair of gloves of archery (worn)
 Z - the +1 pair of boots "Ocebu" (worn) {Str+5 Int-3 Dex+2}
   (You found it on level 4 of the Lair of Beasts)

   It affects your strength (+5).
   It affects your intelligence (-3).
   It affects your dexterity (+2).
Jewellery
 a - the amulet of Yrisaxka (around neck) {Reflect Int+6 SH+2}
   (You bought it in a shop on level 1 of the Orcish Mines)

   [amulet of reflection]

   It shields you and reflects attacks.
   It affects your intelligence (+6).
   It affects your SH (+2).
 b - an uncursed ring of protection from fire
 e - a +5 ring of strength
 f - the ring of Eralesk (left hand) {rC+ AC+4 Str+10 Dex+4 Stlth-}
   (You acquired it on level 3 of the Spider Nest)

   [ring of protection]

   It affects your AC (+4).
   It affects your strength (+10).
   It affects your dexterity (+4).
   It protects you from cold.
   It makes you less stealthy.
 h - an uncursed ring of flight
 q - an uncursed ring of protection from magic
 J - the ring of Lex Ydom (right hand) {+Blink Str+3 Slay+2 Stlth+}
   (You found it on level 3 of the Elven Halls)

   [ring of stealth]

   It affects your strength (+3).
   It affects your accuracy and damage with ranged weapons and melee attacks
   (+2).
   It lets you blink.
   It makes you more stealthy.
 M - an uncursed ring of poison resistance
Wands
 i - a wand of digging (22)
 I - a wand of paralysis (17)
 K - a wand of acid (10)
 N - a wand of iceblast (20)
 O - a wand of disintegration (19)
Scrolls
 k - 14 scrolls of remove curse
 p - a scroll of brand weapon
 s - a scroll of summoning
 t - 5 scrolls of fear
 w - a scroll of holy word
 z - 2 scrolls of magic mapping
 A - 2 scrolls of blinking
 B - 3 scrolls of identify
 F - 4 scrolls of teleportation
 L - 4 scrolls of fog
 S - 5 scrolls of silence
Potions
 g - 6 potions of flight
 j - 3 potions of haste
 l - a potion of ambrosia
 r - 2 potions of might
 v - 6 potions of agility
 x - 5 potions of curing
 G - 3 potions of invisibility
 H - a potion of brilliance {unknown}
 P - a potion of heal wounds
 R - a potion of cancellation {unknown}
 W - 4 potions of resistance
Books
 U - a manual of Armour
Miscellaneous
 o - a box of beasts
 X - a lamp of fire
 Y - a fan of gales
Comestibles
 c - 22 rations


   Skills:
 + Level 21.2 Fighting
 + Level 23.3 Axes
 + Level 19.4 Armour
 + Level 9.2 Dodging
 + Level 4.1 Stealth
 + Level 23.0 Shields
 + Level 2.2 Evocations


You had 20 spell levels left.
You didn't know any spells.

Dungeon Overview and Level Annotations

Branches:
Dungeon (15/15)            Temple (0/1) D:5            Lair (6/6) D:10
 Shoals (4/4) Lair:2       Spider (4/4) Lair:4        Slime (1/5) Lair:6
    Orc (2/2) D:12            Elf (3/3) Orc:2        Vaults (0/5) D:14
 Depths (4/5) D:15

Altars:
Ashenzari
Hepliaklqana
Kikubaaqudgha
Makhleb
Nemelex Xobeh
Okawaru
Uskayaw
Vehumet
Wu Jian
Xom
Yredelemnul
Zin
The Shining One
Beogh
Jiyva

Shops:
Orc:1 =   Orc:2 :[?:   Depths:4 *

Portals:
Hell: Depths:1 Depths:2 Depths:3 Depths:4
Abyss: Depths:3 Depths:4
Pandemonium: Depths:3
Ziggurat: Depths:2
Trove: Depths:2 (give +4 storm dragon scales)

Annotations:
Spider:1 exclusion: orange crystal statue
Orc:2 exclusion: 4 orange crystal statues
Depths:2 2 transporters
Depths:4 Mennas


Innate Abilities, Weirdness & Mutations

You reflexively headbutt those who attack you in melee.
You have a pair of horns on your head.


Message History

The two-headed ogre barely misses you. Mennas closely misses you.
Mennas completely misses you.
The spriggan rider completely misses you.
You're too confused!
You're too confused!
You're too confused!
You slash the death yak! You burn the death yak. You headbutt the death yak!
The death yak is heavily wounded.
Mennas blocks your attack.
You miss the spriggan berserker. You hit the two-headed ogre.
You burn the two-headed ogre. You slash the two-headed ogre!
You burn the two-headed ogre.
The death yak gores you but does no damage.
The two-headed ogre hits you but does no damage. x2
The spriggan berserker misses you. Mennas hits you but does no damage. x2
Mennas blocks your attack.
You closely miss the spriggan berserker.
You slice the two-headed ogre!! You burn the two-headed ogre!
You closely miss the two-headed ogre. You slice the death yak!!
You burn the death yak! The death yak gores you!!
You die...

#.........#..............≈
#.........#...............
#.......................≈
#...............[.......≈ #
#..............O.............§.
####..................§§≈.§≈...≈.
.#....§.≈..§.§.iiO.....≈§§≈......
......≈§≈≈..§§)iAYD...§§≈§§......
.....≈§≈...§.§≈≈@O§..............
..≈......)≈≈§≈§≈§O§..............
..≈≈.....)....≈....§.§...........
.≈≈.......##...≈.≈§§........|....
#....(.....(.....≈§§.............
####...........#<≈§§§§...#.##....
##..##...#..#.≈§§...>......†..
##.##...#.##..≈........((....
###(.(....... ............#


You could see Mennas, an ice dragon, a death yak (berserk), a spriggan rider, 2
two-headed ogres, an ogre mage, 2 spriggan berserkers and an ogre.

Vanquished Creatures
  Mara (Shoals:3)
  Boris (Depths:3)
  Arachne (Spider:3)
  A tentacled monstrosity (Depths:3)
  Jorgrun (Elf:2)
  The ghost of Thomus the Axe Maniac, an adept MiBe of Trog (Shoals:3)
  A titan (Depths:3)
  4 deep elf blademasters (Elf:3)
  Polyphemus (Shoals:3)
  A kraken (Shoals:2)
  Frances (Shoals:2)
  A tengu reaver (Depths:3)
  A storm dragon (Depths:4)
  Kirke (Shoals:2)
  Ilsuiw (Shoals:4)
  Donald (Elf:2)
  5 fire giants
  8 frost giants
  An emperor scorpion (shapeshifter) (Depths:2)
  6 emperor scorpions
  5 ghost moths
  3 deep elf sorcerers (Elf:3)
  A large abomination (Elf:3)
  Louise (Shoals:4)
  3 deep elf elementalists (Elf:3)
  7 stone giants
  2 deep elf demonologists (Elf:3)
  2 entropy weavers (Spider:1)
  A vampire knight (Depths:4)
  The ghost of Enish the Reanimator, a journeyman GnNe of Cheibriados (Shoals:3)
  8 deep elf annihilators (Elf:3)
  4 merfolk javelineers
  A lorocyproca (Depths:3)
  9 spark wasps
  7 ettins
  2 deep elf death magi (Elf:3)
  5 fire dragons
  Josephine (Spider:1)
  2 yaktaur captains
  4 great orbs of eyes
  7 merfolk impalers
  The ghost of Rwicked the Geomancer, a journeyman GrEE of Vehumet (Lair:3)
  2 rakshasas (Depths:1)
  4 catoblepae
  2 spriggan air magi
  3 deep elf high priests
  5 hydras
  A hell beast (Depths:4)
  7 ice dragons
  2 death knights
  7 merfolk aquamancers
  A tengu warrior (Depths:2)
  3 centaur warriors
  25 two-headed ogres
  4 merfolk avatars
  6 ogre magi
  An anaconda (Lair:6)
  Erica (D:8)
  An alligator snapping turtle (Shoals:4)
  A queen ant (D:10)
  18 death yaks
  2 vampire magi (Depths:3)
  5 deep troll shamans
  28 dancing weapons
  3 deep troll earth magi
  Nergalle (Lair:4)
  12 deep elf knights
  A shock serpent (shapeshifter) (D:15)
  4 spriggan berserkers
  5 iron trolls
  4 skeletal warriors (Depths:4)
  5 sea snakes
  4 glowing orange brains
  3 unseen horrors (D:13)
  13 deep trolls
  An unseen horror (shapeshifter) (D:15)
  A flayed ghost (Depths:2)
  A lindwurm (shapeshifter) (D:14)
  The ghost of Madoushi the Skirmisher, a novice MiBe of Trog (D:5)
  Pikel (D:4)
  15 harpies
  A lindwurm (Lair:6)
  10 deep elf archers
  14 ugly things
  16 orb spiders
  38 wolf spiders
  2 orc knights
  2 phantasmal warriors
  11 orc sorcerers
  A wolf spider zombie (D:15)
  11 fauns
  60 deep elf magi
  15 manticores
  A moth of wrath (Spider:4)
  A salamander (shapeshifter) (Depths:2)
  7 cyclopes
  12 merfolk sirens
  20 elephants
  An orange demon (Depths:3)
  A rust devil (Depths:4)
  A black mamba (shapeshifter) (D:15)
  4 water nymphs
  3 torpor snails (Lair:6)
  11 black mambas
  An eye of devastation (shapeshifter) (Depths:4)
  3 gargoyles
  10 spiny frogs
  3 freezing wraiths (D:15)
  2 rime drakes (Lair:4)
  8 demonic crawlers
  15 yaktaurs
  A red devil (Depths:3)
  A merfolk (shapeshifter) (D:15)
  5 komodo dragons
  A queen bee (D:10)
  A tengu conjurer (Depths:1)
  5 trolls
  3 meliai (D:15)
  40 merfolk
  A queen bee (shapeshifter) (Elf:1)
  6 hornets
  A small abomination (Elf:3)
  6 wind drakes
  Grinder (D:3)
  36 jumping spiders
  A shadow dragon simulacrum (Depths:4)
  12 polar bears
  22 slime creatures
  9 blink frogs
  A raiju (shapeshifter) (Depths:2)
  12 snapping turtles
  20 dream sheep
  2 raiju (Lair:6)
  11 hippogriffs
  56 redbacks
  An air elemental (Elf:2)
  20 water elementals
  7 wraiths
  47 yaks
  30 tarantellas
  6 wyverns
  2 hogs (shapeshifter)
  Grum (D:8)
  4 fire bats (Depths:4)
  A golden eye (shapeshifter) (D:14)
  A basilisk (Lair:4)
  3 hogs (Shoals:2)
  2 neqoxecs (Depths:3)
  A hungry ghost (D:11)
  5 wargs
  Edmund (D:4)
  15 soldier ants
  An acid dragon (D:15)
  9 porcupines
  16 hell hounds
  15 water moccasins
  24 orc warriors
  A slave (D:4)
  5 ice beasts
  5 sky beasts
  A black bear (shapeshifter) (Depths:3)
  13 black bears
  17 ogres
  An eye of draining (D:11)
  7 phantoms
  14 centaurs
  9 boggarts
  A necrophage (D:15)
  15 wolves
  12 crocodiles
  A big kobold (D:6)
  21 bullfrogs
  An earth elemental (Elf:3)
  A troll zombie (D:12)
  2 scorpions
  35 killer bees
  5 wights (D:6)
  3 electric eels
  2 howler monkeys
  A bullfrog zombie (D:10)
  13 crimson imps
  4 centaur zombies
  2 jellies
  17 orc priests
  Crazy Yiuf (D:7)
  4 hounds
  5 quasits
  3 bullfrog skeletons
  59 orc wizards
  5 centaur skeletons
  2 iguanas
  Natasha (thrice) (D:4)
  42 worker ants
  5 ogre zombies
  The ghost of dscm the Grave Robber, a weakling OpNe (D:3)
  A howler monkey zombie (D:10)
  8 gnolls
  23 adders
  3 shadow imps
  13 white imps
  2 oozes
  An adder zombie (D:8)
  5 worms
  2 dart slugs
  A leopard gecko (D:8)
  114 orcs
  7 bats
  3 giant cockroaches
  7 goblins
  2 hobgoblins
  8 jackals
  15 kobolds
  4 quokkas
  3 ball pythons
  9 frilled lizards
  A giant cockroach zombie (D:6)
  A goblin zombie (D:12)
  A hobgoblin zombie (D:12)
  A jackal skeleton (D:6)
  A leopard gecko skeleton (D:4)
  2 orc skeletons (D:12)
  15 orc zombies (D:12)
  A quokka skeleton (D:4)
  A quokka zombie (D:5)
  13 rats
  3 fungi
  9 plants
  3 tentacles (Shoals:2)
1693 creatures vanquished.

Vanquished Creatures (collateral kills)
  2 jumping spiders (Spider:4)
2 creatures vanquished.

Vanquished Creatures (others)
  4 deep elf master archers (Elf:3)
  A fire giant (Depths:3)
  A stone giant (Depths:1)
  3 merfolk javelineers
  A fire dragon (Depths:1)
  3 yaktaur captains (Depths:4)
  A satyr (Shoals:2)
  A centaur warrior (D:14)
  A deep elf knight (Elf:2)
  3 deep elf archers (Elf:3)
  2 fauns (Shoals:1)
  4 deep elf magi
  3 cyclopes
  10 yaktaurs
  A redback (Spider:4)
  4 humans (Shoals:2)
  A slave (D:4)
  3 boggarts
  3 centaurs (D:14)
  5 orcs
  5 fungi
  15 plants
  12 tentacles (Shoals:2)
87 creatures vanquished.

Grand Total: 1782 creatures vanquished

Notes
Turn   | Place    | Note
-------+----------+-------------------------------------------
     0 | D:1      | Madoushi the Minotaur Berserker began the quest for the Orb.
     0 | D:1      | Reached XP level 1. HP: 19/19 MP: 0/0
    33 | D:1      | Reached XP level 2. HP: 23/27 MP: 1/1
   324 | D:1      | Reached ** piety under Trog
   380 | D:1      | Reached XP level 3. HP: 28/33 MP: 2/2
   786 | D:2      | Found a shimmering altar of Xom.
  1132 | D:2      | Reached XP level 4. HP: 31/40 MP: 3/3
  1492 | D:2      | Found a hazy altar of Hepliaklqana.
  1492 | D:2      | Found a sparkling altar of Nemelex Xobeh.
  1494 | D:2      | Found a burning altar of Makhleb.
  2171 | D:3      | Noticed Grinder
  2174 | D:3      | Paralysed by Grinder for 3 turns
  2193 | D:3      | Paralysed by Grinder for 6 turns
  2479 | D:3      | Paralysed by Grinder for 6 turns
  2499 | D:3      | Paralysed by Grinder for 7 turns
  2780 | D:3      | Killed Grinder
  2780 | D:3      | Reached skill level 5 in Fighting
  2780 | D:3      | Reached skill level 5 in Axes
  2780 | D:3      | Reached XP level 5. HP: 38/48 MP: 4/4
  2780 | D:3      | Reached XP level 6. HP: 44/56 MP: 5/5
  2906 | D:3      | Noticed dscm's ghost (weakling OpNe)
  2920 | D:3      | Killed dscm's ghost
  2996 | D:3      | Found a glowing golden altar of the Shining One.
  3911 | D:3      | Reached *** piety under Trog
  3963 | D:3      | Found a radiant altar of Vehumet.
  4132 | D:4      | Reached skill level 5 in Armour
  4132 | D:4      | Reached XP level 7. HP: 54/61 MP: 6/6
  4389 | D:4      | Noticed Natasha
  4398 | D:4      | Killed Natasha
  4471 | D:4      | Noticed Pikel
  4495 | D:4      | Killed Pikel
  4495 | D:4      | Reached skill level 5 in Dodging
  4495 | D:4      | Reached XP level 8. HP: 45/70 MP: 7/7
  4620 | D:4      | Noticed Natasha
  4625 | D:4      | Killed Natasha
  4659 | D:4      | Noticed Natasha
  4665 | D:4      | Killed Natasha
  5197 | D:5      | Entered Level 5 of the Dungeon
  5204 | D:5      | Noticed Madoushi's ghost (novice MiBe)
  5839 | D:5      | Noticed Edmund
  5869 | D:4      | Killed Edmund
  5992 | D:5      | Killed Madoushi's ghost
  5992 | D:5      | Reached XP level 9. HP: 19/79 MP: 8/8
  6399 | D:5      | Reached **** piety under Trog
  6690 | D:5      | Found a staircase to the Ecumenical Temple.
  7243 | D:6      | Reached skill level 10 in Axes
  7326 | D:6      | Reached ***** piety under Trog
  7488 | D:6      | Found an ornate altar of the Wu Jian Council.
  7910 | D:6      | Reached skill level 1 in Stealth
  8177 | D:7      | Found a runed door.
  8181 | D:7      | Noticed Crazy Yiuf
  8186 | D:7      | Killed Crazy Yiuf
  8538 | D:7      | Found an ornate altar of the Wu Jian Council.
  8544 | D:7      | Found a basalt altar of Yredelemnul.
  8585 | D:7      | Found a hide-covered altar of Uskayaw.
  8667 | D:8      | Found an ancient bone altar of Kikubaaqudgha.
  8667 | D:8      | Found an iron altar of Okawaru.
  8738 | D:8      | Reached XP level 10. HP: 69/90 MP: 9/9
  8768 | D:8      | Noticed Erica
  8788 | D:8      | Killed Erica
  8788 | D:8      | Reached skill level 10 in Armour
  8952 | D:8      | Noticed Grum
  8966 | D:8      | Killed Grum
  9411 | D:8      | Found a glowing silver altar of Zin.
 10712 | D:9      | Received a gift from Trog
 11185 | D:10     | Entered Level 10 of the Dungeon
 11185 | D:10     | Noticed a two-headed ogre
 11905 | D:10     | Killed a two-headed ogre
 11905 | D:10     | Reached XP level 11. HP: 74/97 MP: 3/10
 12298 | D:10     | Reached skill level 10 in Fighting
 12311 | D:10     | Noticed a queen ant
 12341 | D:10     | Killed a queen ant
 12777 | D:10     | Reached ****** piety under Trog
 12791 | D:10     | Received a gift from Trog
 13283 | D:10     | Found a shattered altar of Ashenzari.
 13782 | D:10     | Found a staircase to the Lair.
 14212 | D:11     | Noticed a two-headed ogre
 14221 | D:11     | Killed a two-headed ogre
 14236 | D:11     | Noticed a two-headed ogre
 14248 | D:10     | Killed a two-headed ogre
 14484 | D:11     | Reached skill level 15 in Axes
 14501 | D:11     | Received a gift from Trog
 14641 | D:11     | Reached XP level 12. HP: 110/110 MP: 3/11
 14686 | D:11     | Found a frozen archway.
 15377 | D:12     | Found a staircase to the Orcish Mines.
 15835 | D:12     | Received a gift from Trog
 16587 | D:12     | Noticed a two-headed ogre
 16599 | D:12     | Killed a two-headed ogre
 17119 | Lair:1   | Entered Level 1 of the Lair of Beasts
 19381 | Lair:2   | Reached XP level 13. HP: 119/119 MP: 12/12
 19822 | Lair:2   | Found a staircase to the Shoals.
 19831 | Lair:2   | Received a gift from Trog
 19946 | Lair:3   | Got a faintly glowing long sword
 19967 | Lair:3   | Noticed Rwicked's ghost (journeyman GrEE)
 19983 | Lair:3   | Killed Rwicked's ghost
 21515 | Lair:4   | Got a pair of shimmering boots
 21539 | Lair:4   | Identified the +1 pair of boots "Ocebu" {Str+5 Int-3 Dex+2} (You found it on level 4 of the Lair of Beasts)
 22105 | Lair:4   | Found a hole to the Spider Nest.
 22458 | Lair:4   | Noticed Nergalle
 22469 | Lair:4   | Killed Nergalle
 23541 | Lair:5   | Reached XP level 14. HP: 121/132 MP: 13/13
 23607 | Lair:5   | Received a gift from Trog
 23610 | Lair:5   | Identified a scroll of acquirement
 24045 | Lair:6   | Entered Level 6 of the Lair of Beasts
 24298 | Lair:6   | Reached skill level 1 in Shields
 24670 | Lair:6   | Reached skill level 15 in Fighting
 24745 | Lair:6   | Received a gift from Trog
 24749 | Lair:6   | Got a dazzling battleaxe {god gift}
 24864 | Lair:6   | Identified the +7 battleaxe "Monihont" {venom, +Blink} (Trog gifted it to you on level 6 of the Lair of Beasts)
 25322 | Lair:6   | Found a staircase to the Slime Pits.
 25323 | Lair:6   | Found a viscous altar of Jiyva.
 25473 | Lair:6   | Reached skill level 15 in Armour
 26941 | Slime:1  | Entered Level 1 of the Pits of Slime
 26941 | Slime:1  | Noticed an acid blob
 26944 | Slime:1  | Noticed an azure jelly
 27486 | Orc:1    | Entered Level 1 of the Orcish Mines
 27518 | Orc:1    | Found a roughly hewn altar of Beogh.
 27630 | Orc:1    | Found Oweholoj's Jewellery Shoppe.
 27655 | Orc:1    | Reached XP level 15. HP: 143/143 MP: 14/14
 27967 | Orc:2    | Entered Level 2 of the Orcish Mines
 28298 | Orc:1    | Received a gift from Trog
 28362 | Orc:2    | Found a runed door.
 28382 | Orc:2    | Found the +10 large shield of Ignorance {rN+ Int-4}
 28801 | Orc:2    | Found a runed door.
 28839 | Orc:2    | Paralysed by an orc sorcerer for 6 turns
 28905 | Orc:2    | Found a staircase to the Elven Halls.
 29288 | Orc:2    | Paralysed by a chaos spawn for 6 turns
 29917 | Orc:2    | Paralysed by an orc sorcerer for 3 turns
 29933 | Orc:2    | Found Nykoz's Book Shoppe.
 30025 | Orc:2    | Found a radiant altar of Vehumet.
 30247 | Orc:2    | Found Laitodd's Magic Scroll Shoppe.
 30264 | Orc:2    | Received a gift from Trog
 30273 | Orc:2    | Found an ancient bone altar of Kikubaaqudgha.
 30427 | Orc:2    | Found a roughly hewn altar of Beogh.
 30427 | Orc:2    | Found Yzanwof's Book Shoppe.
 30430 | Orc:2    | Paralysed by an orc sorcerer for 6 turns
 30538 | Orc:2    | Found Ezxa's Antique Armour Emporium.
 30573 | Orc:2    | Bought a brightly glowing chain mail for 285 gold pieces
 30583 | Orc:2    | Identified the +1 chain mail of New Discoveries {rC+++ Str+2} (You bought it in a shop on level 2 of the Orcish Mines)
 30583 | Orc:2    | Bought a shiny plate armour for 780 gold pieces
 31069 | Orc:2    | Bought a runed cloak for 225 gold pieces
 31452 | Orc:2    | Reached skill level 1 in Evocations
 31454 | Orc:1    | Paralysed by an orc sorcerer for 5 turns
 31947 | D:13     | Reached skill level 5 in Shields
 32602 | D:14     | Received a gift from Trog
 32915 | Spider:1 | Entered Level 1 of the Spider Nest
 33012 | Spider:1 | Noticed Josephine
 33034 | Spider:1 | Killed Josephine
 33974 | Spider:1 | Reached XP level 16. HP: 132/152 MP: 15/15
 34558 | Spider:2 | Reached skill level 10 in Shields
 36233 | Spider:3 | Noticed Arachne
 36254 | Spider:3 | Killed Arachne
 36254 | Spider:3 | Received a gift from Trog
 36965 | Spider:4 | Entered Level 4 of the Spider Nest
 37192 | Spider:4 | Got a jewelled war axe
 37274 | Spider:4 | Got a steaming ring mail
 37831 | Spider:4 | Lost intelligence.
 41223 | Spider:3 | Got a pitted granite ring
 41224 | Spider:3 | Identified the ring of Eralesk {rC+ AC+4 Str+10 Dex+4 Stlth-} (You acquired it on level 3 of the Spider Nest)
 41731 | Orc:1    | Identified the +7 war axe of Summertime {pain, Str+2 SInv} (You found it on level 4 of the Spider Nest)
 41732 | Orc:1    | Bought the amulet of Yrisaxka {Reflect Int+6 SH+2} for 460 gold pieces
 42236 | Spider:4 | Received a gift from Trog
 42364 | Spider:4 | Reached XP level 17. HP: 81/161 MP: 16/16
 42721 | Spider:4 | Got a gossamer rune of Zot
 43018 | Shoals:1 | Entered Level 1 of the Shoals
 44444 | Shoals:2 | Noticed Frances
 44450 | Shoals:2 | Killed Frances
 44757 | Shoals:2 | Reached skill level 15 in Shields
 45000 | Shoals:2 | Noticed Kirke
 45006 | Shoals:2 | Noticed a kraken
 45011 | Shoals:2 | Killed Kirke
 45038 | Shoals:2 | Killed a kraken
 45381 | Shoals:3 | Noticed Mara
 45393 | Shoals:3 | Noticed Madoushi's illusion
 45459 | Shoals:3 | Noticed Thomus's ghost (adept MiBe)
 45788 | Shoals:3 | Killed Thomus's ghost
 45792 | Shoals:3 | Received a gift from Trog
 46128 | Shoals:3 | Killed Mara
 46130 | Shoals:3 | Noticed Enish's ghost (journeyman GnNe)
 46151 | Shoals:3 | Killed Enish's ghost
 46688 | Shoals:3 | Noticed Polyphemus
 46698 | Shoals:3 | Killed Polyphemus
 46698 | Shoals:3 | Reached XP level 18. HP: 172/172 MP: 18/18
 46820 | Shoals:4 | Entered Level 4 of the Shoals
 46880 | Shoals:4 | Noticed Louise
 46895 | Shoals:4 | Killed Louise
 46899 | Shoals:4 | Noticed Ilsuiw
 46939 | Shoals:4 | Killed Ilsuiw
 47155 | Shoals:4 | Received a gift from Trog
 47426 | Shoals:4 | Identified the Tome of Augmentations and the Compass
 48090 | Shoals:4 | Got a barnacled rune of Zot
 48219 | Shoals:4 | Received a gift from Trog
 48553 | Elf:1    | Entered Level 1 of the Elven Halls
 49805 | Elf:2    | Received a gift from Trog
 50449 | Elf:2    | Found a runed gate.
 50450 | Elf:2    | Found a runed gate.
 50451 | Elf:2    | Found a runed gate.
 50476 | Elf:2    | Reached XP level 19. HP: 181/181 MP: 19/19
 50740 | Elf:2    | Noticed Donald
 50754 | Elf:2    | Killed Donald
 50963 | Elf:2    | Noticed Jorgrun
 50969 | Elf:2    | Killed Jorgrun
 51071 | Elf:2    | Received a gift from Trog
 51340 | Elf:3    | Entered Level 3 of the Elven Halls
 52067 | Elf:3    | Received a gift from Trog
 53134 | Elf:3    | Got a warped copper ring
 53176 | Elf:3    | Identified the ring of Lex Ydom {+Blink Str+3 Slay+2 Stlth+} (You found it on level 3 of the Elven Halls)
 53646 | D:14     | Received a gift from Trog
 53896 | D:14     | Reached XP level 20. HP: 192/192 MP: 20/20
 53909 | D:14     | Found a gate to the Vaults.
 54600 | D:15     | Entered Level 15 of the Dungeon
 54797 | D:15     | Found a staircase to the Depths.
 54981 | D:15     | Received a gift from Trog
 55397 | Depths:1 | Entered Level 1 of the Depths
 55397 | Depths:1 | Found a flickering gateway to a bazaar.
 56605 | Bazaar   | Entered a bazaar
 56719 | Bazaar   | Found Oxeen's Gadget Shoppe.
 56719 | Bazaar   | Found Utott's Antique Armour Emporium.
 56740 | Bazaar   | Found Tazxica's General Store.
 56740 | Bazaar   | Found Puluax's Weapon Emporium.
 56753 | Bazaar   | Found Icidoin's Jewellery Emporium.
 56862 | Bazaar   | Bought a glowing plate armour for 494 gold pieces
 57105 | Depths:1 | Found a gateway to Hell.
 57109 | Depths:1 | Received a gift from Trog
 57761 | Depths:2 | Found a transporter.
 57763 | Depths:2 | Found the +8 Wrath of Trog {antimagic, *Rage}
 58000 | Depths:2 | Found a transporter.
 58190 | Depths:2 | Found a gateway to a ziggurat.
 58476 | Depths:2 | Found a portal to a secret trove of treasure.
 59205 | Depths:3 | Found a one-way gate to the infinite horrors of the Abyss.
 59232 | Depths:3 | Reached XP level 21. HP: 202/202 MP: 21/21
 59937 | Depths:3 | Paralysed by an ogre mage for 3 turns
 60095 | Depths:3 | Received a gift from Trog
 60238 | Depths:3 | Noticed Boris
 60250 | Depths:3 | Killed Boris
 60411 | Depths:3 | Found a one-way gate leading to the halls of Pandemonium.
 61153 | Depths:4 | Found Ohuitua's General Store.
 61207 | Depths:4 | Got a heavily runed plate armour
 61208 | Depths:4 | Identified the +0 plate armour "Wuvih" {rF+++ Str+6 Dex-5} (You found it on level 4 of the Depths)
 61611 | Depths:4 | Received a gift from Trog
 61679 | Depths:4 | Noticed Mennas
 61700 | Depths:4 | Demolished by a death yak

Skill      XL: |  1  2  3  4  5  6  7  8  9 10 11 12 13 14 15 16 17 18 19 20 21 |
---------------+----------------------------------------------------------------+-----
Axes           | 4 5 6 7 8 11 13 15 16 18 19 20 21 22 23 | 23.3
Fighting       | 4 5 6 7 8 9 11 12 14 15 16 17 18 19 20 21 | 21.2
Armour         | 3 4 5 6 8 9 11 13 14 15 16 17 18 19 | 19.4
Dodging        | 3 4 5 6 7 8 9 |  9.2
Stealth        | 1 2 3 4 |  4.1
Shields        | 3 9 13 16 18 20 21 23 | 23.0
Evocations     | 1 2 |  2.2

Action                   |  1- 3 |  4- 6 |  7- 9 | 10-12 | 13-15 | 16-18 | 19-21 || total
-------------------------+-------+-------+-------+-------+-------+-------+-------++-------
Melee: Hand axe          |    67 |   119 |   442 |       |       |       |       ||   628
       Headbutt          |     6 |    17 |   133 |   164 |   241 |   294 |   290 ||  1145
       Battleaxe         |       |       |    80 |   148 |   218 |       |       ||   446
       War axe           |       |       |       |   629 |       |       |       ||   629
       Broad axe         |       |       |       |       |   744 |  1196 |   935 ||  2875
Invok: Berserk           |       |       |       |     2 |     1 |       |     1 ||     4
       Burn Spellbooks   |       |       |       |     1 |     3 |     3 |     6 ||    13
       Trog's Hand       |       |       |       |       |       |     3 |       ||     3
       Brothers in Arms  |       |       |       |       |       |     1 |     1 ||     2
 Abil: Evoke Invisibilit |       |       |       |       |       |     1 |       ||     1
       Evoke Blink       |       |       |       |       |       |       |     1 ||     1
Evoke: Wand              |       |       |       |     1 |     8 |    14 |     5 ||    28
  Use: Scroll            |       |     7 |    11 |     5 |    26 |    25 |    13 ||    87
       Potion            |       |       |       |     2 |       |     3 |     5 ||    10
 Stab: Petrified         |       |       |       |       |     2 |       |       ||     2
       Petrifying        |       |       |       |       |     1 |       |       ||     1
       Distracted        |       |       |       |       |       |     2 |       ||     2
       Paralysed         |       |       |       |       |       |     1 |       ||     1
  Eat: Chunk             |       |     7 |     4 |     7 |     2 |     9 |     3 ||    32
       Ration            |       |     1 |     3 |     9 |    13 |    15 |    10 ||    51
Armor: Animal skin       |    22 |     4 |       |       |       |       |       ||    26
       Ring mail         |       |    35 |       |       |       |       |       ||    35
       Chain mail        |       |     4 |   283 |   364 |   328 |       |       ||   979
       Plate armour      |       |       |       |       |   172 |   492 |   311 ||   975
Dodge: Dodged            |    49 |    70 |   222 |   421 |   381 |   207 |   219 ||  1569
Block: Shield            |       |       |       |     4 |   134 |       |       ||   138
       Buckler           |       |       |       |       |    14 |       |       ||    14
       Large shield      |       |       |       |       |   447 |  1784 |  1315 ||  3546
       Reflection        |       |       |       |       |       |   172 |   184 ||   356
